 Dungeon Crawl Stone Soup version 0.31-a0-810-ga77100ea1a (webtiles) character file.

Game seed: 9696815385586863547

2515 ytrimaz the Mimic (level 9, 0/52 HPs)
             Began as an Octopode Shapeshifter on Sept 21, 2023.
             Succumbed to a water moccasin's poison
             ... on level 8 of the Dungeon.
             The game lasted 00:11:25 (7644 turns).

ytrimaz the Mimic (Octopode Shapeshifter)           Turns: 7644, Time: 00:11:26

Health: 0/52       AC: 11    Str: 15 (18) XL:     9   Next: 54%
Magic:  9/9        EV: 12    Int: 12 (13) God:
Gold:   440        SH:  0    Dex: 20 (21) Spells: 8/8 levels left

rFire   . .          .
                       - Unarmed
rCold   . . .        (shield currently unavailable)
rNeg    . . .        (helmet currently unavailable)
rPois   .            (no amulet)
rElec   .            d - +6 ring of dexterity
rCorr   .            a - +4 ring of protection
SInv    .            (no ring)
Will    .....        (no ring)
Stlth   ++++         (no ring)
HPRegen 0.28/turn    (no ring)
MPRegen 0.11/turn    (no ring)
                     (no ring)

%: no passive effects
@: brilliant, lethally poisoned (0 -> -1), snake-form, on berserk cooldown,
slowed, very slow
A: constrict, reduced hp, almost no armour, amphibious, 8 rings, large,
(camouflage 1), (gelatinous body 1), (nimble swimmer 1), (tentacles)
a: Begin Untransformation


You were on level 8 of the Dungeon.
You were an enormous anaconda.
You visited 1 branch of the dungeon, and saw 8 of its levels.

You collected 596 gold pieces.
You spent 156 gold pieces at shops.


Innate Abilities, Weirdness & Mutations

You are an enormous anaconda.
You have a powerful constriction melee attack.
Your maximum health is decreased, since you lack skill for your form.
Your armour is entirely melded.
You are incapable of wielding weapons or throwing items.
You cannot wear most types of armour.
You are amphibious.
You can wear up to eight rings at the same time.
((Your skin changes colour to match your surroundings (Stealth+).))
((Your rubbery body absorbs attacks. (AC +1, EV +1)))
((You are camouflaged when in or above water. (Stealth+)))
((You have tentacles for arms and can constrict up to eight enemies at once.))


   Skills:
 - Level 1.4 Fighting
 + Level 4.2 Dodging
 - Level 7.0 Stealth
 + Level 7.7 Unarmed Combat
 + Level 8.2 Shapeshifting


You had 8 spell levels left.
You didn't know any spells.
Your spell library contained the following spells:

 Spells                   Type           Power      Damage    Failure   Level
 Dazzling Flash           Conj/Hex       0%         N/A       69%         3
 Ignite Poison            Fire/Tmut/Pois 0%         N/A       69%         3
 Mephitic Cloud           Conj/Pois/Air  0%         N/A       69%         3
 Volatile Blastmotes      Fire/Tloc      0%         2d10      69%         3
 Alistair's Intoxication  Tmut/Pois      0%         N/A       100%        5
 Starburst                Conj/Fire      0%         6d3       100%        6
 Maxwell's Capacitive Co  Air            0%         ∞         100%        8

Inventory:

Missiles
 g - a throwing net
Jewellery
 a - a +4 ring of protection (right tentacle)
   (You found it on level 7 of the Dungeon)
 d - a +6 ring of dexterity (left tentacle)
   (You found it on level 1 of the Dungeon)
Talismans
 b - a beast talisman
 c - a flux talisman
 j - a maw talisman
   (You found it on level 1 of the Dungeon)
 m - a serpent talisman (active)
   (You found it on level 2 of the Dungeon)
 p - a blade talisman
   (You found it on level 4 of the Dungeon)
Wands
 h - a wand of polymorph (22)
   (You found it on level 4 of the Dungeon)
 n - a wand of charming (7)
   (You found it on level 7 of the Dungeon)
Scrolls
 e - 4 scrolls of vulnerability
 f - a scroll of noise {unknown}
 i - a scroll of identify
 l - 5 scrolls of amnesia
Potions
 k - a potion of haste
 o - a potion of mutation
 q - a potion of might

Dungeon Overview and Level Annotations

Branches:
Dungeon (8/15) Zot: 26935  Temple (0/1) D:7
   Lair: D:8-11

Altars:
Dithmenos
Fedhas
Hepliaklqana
Nemelex Xobeh
Qazlal
Trog
Uskayaw
Vehumet
Wu Jian
Yredelemnul
The Shining One

Shops:
D:3 !

Annotations:
D:2 1 runed translucent door, Crazy Yiuf

### ....### ......
#########
.##>##.######........
........#..<..#######
#.......#####
...##..#.......
#...#..#.######
.........S.†...#
........>........P
.#.>.##.#.##......
...=....?.. .P.P..
##$#..#.#... .P...
.......##.P..P....
....... ..........
....# .P.P......


There were no monsters in sight!


Message History

You lash the bullfrog!
You kill the bullfrog! 😮 HP[+1]
There is a stone staircase leading up, spattered with blood here.
Items here: )) [[ ††††.
Unknown command.
A black bear comes into view. 😮 HP[+1]
You are too injured to fight recklessly!
The black bear growls angrily. 😮 HP[+1]
You lash the black bear! You grab the black bear. You constrict the black bear.
The black bear closely misses you. The black bear barely misses you.
The black bear claws you but does no damage.
You hit the black bear. You constrict the black bear.
The black bear goes berserk!
You lash the black bear!
You kill the black bear!
A water moccasin comes into view.
Your Dodging skill increases to level 4! 😮 HP[+1]
You hear the faint creaking of a very distant portcullis.
The water moccasin bites you.
You are poisoned.
The water moccasin poisons you! The water moccasin bites you. 😮 HP[-6]
You take 6 damage, and now have 26/51 hp.
You barely miss the water moccasin. You grab the water moccasin.
You constrict the water moccasin.
You feel very sick.
The water moccasin bites you but does no damage. 😨 HP[-3]
You take 3 damage, and now have 23/51 hp.
You lash the water moccasin! You constrict the water moccasin.
You feel very sick. The water moccasin bites you.
* * * LOW HITPOINT WARNING * * *
You are lethally poisoned!
The water moccasin poisons you! 😨 HP[-4]
You take 4 damage, and now have 19/51 hp.
You lash the water moccasin!
You kill the water moccasin!
* * * LOW HITPOINT WARNING * * *
You feel very sick. 😨 HP[-4]
You now have 52 max hp (+1).
You take 4 damage, and now have 15/52 hp.
Unknown command.
* * * LOW HITPOINT WARNING * * *
You feel very sick. 😱 HP[-3]
You take 3 damage, and now have 12/52 hp.
Unknown command.
It was a potion of degeneration.
There was something very wrong with that liquid.
You feel weakened.
You feel dopey.
You feel clumsy.
* * * LOW HITPOINT WARNING * * *
You feel very sick. 😱 HP[-4]
You take 4 damage, and now have 8/52 hp.
Unknown command.
It was a potion of berserk rage.
A red film seems to cover your vision as you go berserk!
You feel yourself moving faster!
You feel mighty!
* * * LOW HITPOINT WARNING * * *
You feel sick. 😱 HP[+2]
You now have 77 max hp (+25).
You regained 2 hp, and now have 10/77 hp.
You feel a strong urge to attack something.
* * * LOW HITPOINT WARNING * * *
You feel sick. 😱 HP[-1]
You take 1 damage, and now have 9/77 hp.
You feel sick. 😱 HP[-1]
You take 1 damage, and now have 8/77 hp.
You feel your anger nearly subside.
* * * LOW HITPOINT WARNING * * *
You feel sick. 😱 HP[-2]
You take 2 damage, and now have 6/77 hp.
You are no longer berserk.
You are exhausted.
You feel yourself slow down.
* * * LOW HITPOINT WARNING * * *
You feel sick. 😱 HP[-3]
You now have 52 max hp (-25).
It was a potion of brilliance.
You feel clever all of a sudden.
* * * LOW HITPOINT WARNING * * *
You feel sick.
It was a potion of magic.
Magic courses through your body.
* * * LOW HITPOINT WARNING * * *
You feel sick. 😱 HP[-2]
You take 2 damage, and now have 1/52 hp.
You die...

Skill      XL: |  1  2  3  4  5  6  7  8  9 |
---------------+----------------------------+-----
Stealth        | 1 2 3 4 5 6 7 |  7.0
Unarmed Combat | 4 5 6 7 |  7.7
Shapeshifting  | 4 6 7 8 |  8.2
Dodging        | 4 |  4.2
Fighting       | |  1.4

Action                     |  1- 3 |  4- 6 |  7- 9 || total
---------------------------+-------+-------+-------++-------
  Melee: Unarmed           |    74 |   129 |   169 ||   372
         Constrict         |    23 |    39 |    42 ||   104
         Tentacles         |    12 |    34 |    21 ||    67
         Punch             |       |     4 |     2 ||     6
    Use: Scroll            |       |     5 |     4 ||     9
         Potion            |       |     2 |    14 ||    16
   Stab: Sleeping          |     6 |    14 |     8 ||    28
         Distracted        |       |     1 |     4 ||     5
 Armour: Skin              |    32 |    50 |   120 ||   202
  Dodge: Dodged            |    35 |    74 |    91 ||   200
   Form: Anaconda          |       |       |     1 ||     1

Levels and vault maps discovered:
D:1:      dpeg_arrival_subterranean_lakeside_camping, layout_basic,
          minmay_misc_feat_roman, chequers_mini_garden, minmay_misc_feat_tower,
          minmay_gold_behind_fungi, chequers_serial_rivers_micro_c
D:2:      layout_rooms, uniq_crazy_yiuf_cottage
D:3:      layout_loops_ring, nicolae_vehumet_altar_sigil,
          mainiacjoe_overflow_concentric_impassable, serial_shops, shop,
          minmay_cut_off
D:4:      layout_basic, fedhas_altar_2, serial_forest,
          infiniplex_forest_corner_1, infiniplex_forest_straight_2,
          infiniplex_forest_straight_2, infiniplex_forest_straight_2,
          infiniplex_forest_clump_tiny, infiniplex_forest_lined_corner,
          infiniplex_forest_clump_tiny, grunt_ministairs_2
D:5:      layout_loops_ring, riverfiend_overflow_shadow_ancestor
D:6:      layout_loops_ring, overflow_temple_1_default,
          mainiacjoe_overflow_big_doors, uniq_blork_the_orc, uniq_grinder
D:7:      layout_layer_cave, trog_wizard, nicolae_qazlal_style_of_elements,
          nicolae_tso_besieged_by_evil, temple_doors_e
D:8:      minmay_clustersquares, layout_loops_ring,
          mainiacjoe_overflow_tiny_flanked, elyvilon_altar_5,
          due_lair_maze_entry_diamond, enter_bailey_4

Notes
Turn   | Place    | Note
-------+----------+-------------------------------------------
     0 | D:1      | ytrimaz the Octopode Shapeshifter began the quest for the
                  | Orb.
     0 | D:1      | Reached XP level 1. HP: 13/13 MP: 1/1
     0 | D:1      | magus.rc [v1.9.6]
   105 | D:1      | Reached XP level 2. HP: 15/18 MP: 2/2
   847 | D:1      | Reached skill level 1 in Stealth
   949 | D:2      | Reached XP level 3. HP: 19/23 MP: 3/3
  1270 | D:2      | Reached skill level 2 in Stealth
  1379 | D:2      | Reached XP level 4. HP: 28/28 MP: 4/4
  1408 | D:2      | Found a runed translucent door.
  1409 | D:2      | Noticed Crazy Yiuf
  1646 | D:3      | Found a radiant altar of Vehumet.
  1863 | D:3      | Found Wiuthr Inof's Distillery.
  1878 | D:3      | Found an ornate altar of the Wu Jian Council.
  1941 | D:3      | Bought a potion of heal wounds for 60 gold pieces
  1941 | D:3      | Bought a potion of mutation for 96 gold pieces
  2072 | D:3      | Reached skill level 3 in Stealth
  2076 | D:3      | Noticed a phantom
  2088 | D:3      | Killed a phantom
  2089 | D:3      | Reached skill level 4 in Unarmed Combat
  2089 | D:3      | Reached skill level 4 in Shapeshifting
  2089 | D:3      | Reached XP level 5. HP: 26/33 MP: 5/5
  2384 | D:4      | You pick up a book of Spectacle and begin reading...
  2384 | D:4      | You add the spells Volatile Blastmotes, Dazzling Flash,
                  | Starburst and Maxwell's Capacitive Coupling to your
                  | library.
  2404 | D:4      | Reached skill level 4 in Stealth
  2433 | D:3      | Reached XP level 6. HP: 13/38 MP: 6/6
  2675 | D:4      | Found a blossoming altar of Fedhas.
  3423 | D:5      | Entered Level 5 of the Dungeon
  3452 | D:5      | Reached skill level 5 in Stealth
  3543 | D:5      | Noticed a shadow
  3544 | D:5      | Found a shadowy altar of Dithmenos.
  3545 | D:5      | Found a hazy altar of Hepliaklqana.
  3680 | D:5      | Reached skill level 5 in Unarmed Combat
  3680 | D:5      | Reached XP level 7. HP: 30/43 MP: 7/7
  3951 | D:5      | Reached skill level 6 in Stealth
  3951 | D:5      | Reached skill level 5 in Shapeshifting
  4229 | D:5      | You add the spells Mephitic Cloud, Ignite Poison and
                  | Alistair's Intoxication to your library.
  4229 | D:5      | Got a graven book
  4373 | D:6      | Noticed Grinder
  4400 | D:6      | Paralysed by Grinder for 2 turns
  4401 | D:6      | Noticed Blork the orc
  4404 | D:6      | Killed Grinder
  4405 | D:6      | Reached skill level 6 in Shapeshifting
  4405 | D:6      | Reached XP level 8. HP: 48/48 MP: 8/8
  4413 | D:6      | Killed Blork the orc
  4571 | D:6      | Reached skill level 7 in Stealth
  4656 | D:6      | Reached skill level 6 in Unarmed Combat
  4885 | D:6      | Reached skill level 7 in Shapeshifting
  4945 | D:6      | Found a basalt altar of Yredelemnul.
  5183 | D:6      | Found a sparkling altar of Nemelex Xobeh.
  5191 | D:6      | Found a hide-covered altar of Uskayaw.
  5718 | D:7      | Found a glowing golden altar of the Shining One.
  5742 | D:7      | HP: 10/48 [gnoll sergeant/+0 spear (8)]
  5881 | D:7      | HP: 9/48 [black bear (6)]
  5890 | D:7      | Reached XP level 9. HP: 31/53 MP: 9/9
  6114 | D:7      | HP: 9/53 [gnoll sergeant/+0 trident (17)]
  6125 | D:7      | HP: 10/53 [killer bee (8)]
  6128 | D:7      | HP: 4/53 [killer bee (5)]
  6131 | D:7      | HP: 1/53 [poisoned by a killer bee]
  6135 | D:7      | Reached skill level 7 in Unarmed Combat
  6136 | D:7      | HP: 4/53 [gnoll/+0 flail[a gnoll sergeant] (5)]
  6671 | D:7      | Reached skill level 3 in Dodging
  6712 | D:7      | Found a staircase to the Ecumenical Temple.
  6822 | D:7      | Found a stormy altar of Qazlal.
  7016 | D:7      | Found a bloodstained altar of Trog.
  7019 | D:7      | Noticed a wizard
  7022 | D:7      | Killed a wizard
  7615 | D:8      | Reached skill level 8 in Shapeshifting
  7629 | D:8      | Reached skill level 4 in Dodging
  7635 | D:8      | HP: 12/52 [poisoned by a water moccasin]
  7640 | D:8      | HP: 6/77 [poisoned by a water moccasin]
  7643 | D:8      | HP: 1/52 [poisoned by a water moccasin]
  7644 | D:8      | Succumbed to a water moccasin's poison

Vanquished Creatures
  Grinder (D:6)
  A water moccasin (D:8)
  An ogre (D:5)
  3 black bears
  3 phantoms
  Blork the orc (D:6)
  2 bullfrogs (D:8)
  3 gnoll sergeants
  3 scorpions
  3 killer bees (D:7)
  3 howler monkeys
  A crimson imp (D:7)
  3 jellies
  An orc priest (D:6)
  2 hounds
  6 iguanas
  4 orc wizards
  14 gnolls
  11 adders
  A white imp (D:5)
  5 worms
  2 dart slugs
  21 orcs
  7 bats
  An endoplasm (D:3)
  3 giant cockroaches
  10 goblins
  13 hobgoblins
  10 kobolds
  4 quokkas
  2 ball pythons
  2 frilled lizards
  A goblin skeleton (D:7)
  A goblin zombie (D:7)
  4 hobgoblin zombies (D:7)
  A kobold skeleton (D:7)
  An orc skeleton (D:7)
  3 rats (D:1)
158 creatures vanquished.

Vanquished Creatures (others)
  A wizard (D:7)
1 creature vanquished.

Grand Total: 159 creatures vanquished

Table legend:
 A = Non-vault XP
 B = Vault XP
 C = Vault XP percentage of total XP
 D = Non-vault monster count
 E = Vault monster count
 F = Vault count percentage of total count
                 A         B        C        D         E       F
            +---------+---------+-------+---------+---------+-------
      Total |    2418 |    1176 |  32.7 |     130 |      28 |  17.7
            +---------+---------+-------+---------+---------+-------
        D:1 |      22 |      10 |  31.2 |      12 |       6 |  33.3
        D:2 |      50 |       0 |   0.0 |      19 |       0 |   0.0
        D:3 |     101 |     117 |  53.7 |      20 |       3 |  13.0
        D:4 |     172 |       4 |   2.3 |      14 |       2 |  12.5
        D:5 |     684 |       0 |   0.0 |      22 |       0 |   0.0
        D:6 |     503 |     371 |  42.4 |      18 |       2 |  10.0
        D:7 |     693 |      58 |   7.7 |      22 |       9 |  29.0
        D:8 |     193 |     616 |  76.1 |       3 |       6 |  66.7
            +---------+---------+-------+---------+---------+-------

Skill      XL: |  1  2  3  4  5  6  7  8  9 |
---------------+----------------------------+-----
Stealth        | 1 2 3 4 5 6 7 |  7.0
Unarmed Combat | 4 5 6 7 |  7.7
Shapeshifting  | 4 6 7 8 |  8.2
Dodging        | 4 |  4.2
Fighting       | |  1.4

Action                     |  1- 3 |  4- 6 |  7- 9 || total
---------------------------+-------+-------+-------++-------
  Melee: Unarmed           |    74 |   129 |   169 ||   372
         Constrict         |    23 |    39 |    42 ||   104
         Tentacles         |    12 |    34 |    21 ||    67
         Punch             |       |     4 |     2 ||     6
    Use: Scroll            |       |     5 |     4 ||     9
         Potion            |       |     2 |    14 ||    16
   Stab: Sleeping          |     6 |    14 |     8 ||    28
         Distracted        |       |     1 |     4 ||     5
 Armour: Skin              |    32 |    50 |   120 ||   202
  Dodge: Dodged            |    35 |    74 |    91 ||   200
   Form: Anaconda          |       |       |     1 ||     1

Illustrated notes

Table legend:
 A = Kills in this place as a percentage of kills in the entire game.
 B = Kills by you in this place as a percentage of kills by you in the entire game.
 C = Kills by friends in this place as a percentage of kills by friends in the entire game.
 D = Other kills in this place as a percentage of other kills in the entire game.
 E = Experience gained in this place as a percentage of experience gained in the entire game.
 F = Experience gained in this place divided by the number of levels of this place that you have seen.
                   A       B       C       D       E      F
               +-------+-------+-------+-------+-------+----------------------
         Total | 100.0 | 100.0 |   N/A |   N/A | 100.0 | 449.2
       Dungeon | 100.0 | 100.0 |   N/A |   N/A | 100.0 | 449.2
               +-------+-------+-------+-------+-------+----------------------

Table legend: (Time is in decaauts)
 A = Elapsed time spent in this place.
 B = Non-inter-level travel time spent in this place.
 C = Inter-level travel time spent in this place.
 D = Time resting spent in this place.
 E = Time spent auto-exploring this place.
 F = Levels seen in this place.
 G = Mean time per level.
                   A        B        C        D        E       F      G
               +--------+--------+--------+--------+--------+-----+--------+
         Total |   7595 |   7322 |    273 |    783 |   5188 |   8 |  949.4 |
       Dungeon |   7595 |   7322 |    273 |    783 |   5188 |   8 |  949.4 |
               +--------+--------+--------+--------+--------+-----+--------+

Top non-repeatable levels by time:
     D:7: 1784 daAuts
     D:6: 1399 daAuts
     D:4: 960 daAuts
     D:5: 935 daAuts
     D:1: 918 daAuts
     D:3: 888 daAuts
     D:2: 645 daAuts
     D:8: 64 daAuts
